[ AOE2 MATCH · #480888997 ]
UnrankedCelts vs Berbers
[ REPLAY ANALYSIS · EXTRACTED FROM THE RECORDED GAME ]
Feudal
13:24
Castle
25:11
Imperial
37:29
| APM avg | 18.9 |
| APM peak | 55 |
| eAPM avg | 14.6 |
| Villagers / military | 129 / 412 |
Focus
⚔️ 35.3% · 🌾 64.7%
Woad Raider ×124 · Spearman ×110 · Skirmisher ×109 · Battering Ram ×37 · Knight ×15 · Trade Cart ×11
Feudal
12:41
Castle
22:49
Imperial
36:56
| APM avg | 19.4 |
| APM peak | 61 |
| eAPM avg | 11.1 |
| Villagers / military | 95 / 139 |
Focus
⚔️ 27.7% · 🌾 72.3%
Camel Scout ×78 · Camel Archer ×51 · Trade Cart ×10 · Scout Cavalry ×6 · Monk ×2 · Mangonel ×1
Feudal
13:55
Castle
19:16
Imperial
26:39
| APM avg | 17.8 |
| APM peak | 77 |
| eAPM avg | 7.7 |
| Villagers / military | 124 / 69 |
Focus
⚔️ 14.0% · 🌾 86.0%
Janissary ×35 · Camel Scout ×28 · Bombard Cannon ×6
Feudal
—
Castle
—
Imperial
—
| APM avg | 22.6 |
| APM peak | 92 |
| eAPM avg | 14.6 |
| Villagers / military | 276 / 265 |
Focus
⚔️ 32.9% · 🌾 67.1%
Knight ×234 · Trade Cart ×59 · Scout Cavalry ×20 · Monk ×6 · Trebuchet (Packed) ×5
Feudal
13:06
Castle
19:09
Imperial
33:50
| APM avg | 31.3 |
| APM peak | 102 |
| eAPM avg | 26.2 |
| Villagers / military | 143 / 731 |
Focus
⚔️ 61.2% · 🌾 38.8%
Scout Cavalry ×442 · Skirmisher ×172 · Cavalry Archer ×105 · Trebuchet (Packed) ×5 · Battering Ram ×4 · Monk ×2
Feudal
11:15
Castle
16:50
Imperial
31:53
| APM avg | 23.0 |
| APM peak | 60 |
| eAPM avg | 17.9 |
| Villagers / military | 149 / 206 |
Focus
⚔️ 44.2% · 🌾 55.8%
Genoese Crossbowman ×189 · Unknown (882) ×83 · Trade Cart ×39 · Bombard Cannon ×8 · Petard ×5 · Trebuchet (Packed) ×3
Feudal
11:40
Castle
15:53
Imperial
33:43
| APM avg | 31.8 |
| APM peak | 101 |
| eAPM avg | 21.5 |
| Villagers / military | 165 / 351 |
Focus
⚔️ 43.9% · 🌾 56.1%
Scout Cavalry ×285 · Scorpion ×47 · Trade Cart ×23 · Trebuchet (Packed) ×11 · Ballista Elephant ×8
Feudal
12:54
Castle
18:28
Imperial
37:12
| APM avg | 15.1 |
| APM peak | 47 |
| eAPM avg | 10.2 |
| Villagers / military | 173 / 314 |
Focus
⚔️ 33.2% · 🌾 66.8%
Spearman ×242 · Eagle Scout ×63 · Trade Cart ×30 · Unknown (882) ×27 · Trebuchet (Packed) ×4 · Mangonel ×3
Match map
Initial resources + every placement click. Lines = walls · curves = elevation contours. ◆ gold · ⬟ stone · ● berries · ✦ relic · ◌ wall gap
Your base· ✓ Closed at 25:11 · 37t walls · 2 gate(s)
MyFriend's base· ✓ Closed at 22:49 · 39t walls · 2 gate(s)
J.A.R.V.I.S.'s base· ✓ Closed at 19:16 · 0t walls · no gate
jeffhua1123586's base· Open — opponent sealed themselves in
知心老爹's base· Open — opponent sealed themselves in
popibo's base· ✓ Closed at 16:50 · 31t walls · 1 gate(s)
一刀九千九百九十九's base· Open — opponent sealed themselves in
Edward794's base· ✓ Closed at 18:28 · 36t walls · no gate
Smoothed initial terrain · ◌ = detected wall gap · hover for details
Inputs per minute
— m$k - - MyFriend
Build order — m$k
First 150 of 462 actions detected
| 0:07 | Build | House |
| 0:08 | Create | Villager (Male) |
| 0:08 | Create | Villager (Male) |
| 0:09 | Create | Villager (Male) |
| 0:09 | Create | Villager (Male) |
| 0:09 | Create | Villager (Male) |
| 2:11 | Create | Villager (Male) |
| 2:11 | Create | Villager (Male) |
| 2:30 | Build | House |
| 2:44 | Create | Villager (Male) |
| 2:44 | Create | Villager (Male) |
| 2:57 | Build | Palisade Wall |
| 3:03 | Build | Palisade Wall |
| 3:04 | Build | Palisade Wall |
| 3:06 | Build | Palisade Wall |
| 3:07 | Build | Palisade Wall |
| 3:20 | Create | Villager (Male) |
| 3:20 | Create | Villager (Male) |
| 3:39 | Create | Villager (Male) |
| 3:39 | Create | Villager (Male) |
| 3:39 | Create | Villager (Male) |
| 4:09 | Build | House |
| 4:33 | Create | Villager (Male) |
| 4:34 | Create | Villager (Male) |
| 4:34 | Create | Villager (Male) |
| 4:34 | Create | Villager (Male) |
| 4:41 | Build | House |
| 4:49 | Build | House |
| 4:52 | Build | House |
| 5:01 | Create | Villager (Male) |
| 5:01 | Create | Villager (Male) |
| 5:51 | Create | Villager (Male) |
| 5:51 | Create | Villager (Male) |
| 7:12 | Create | Villager (Male) |
| 7:12 | Create | Villager (Male) |
| 7:13 | Create | Villager (Male) |
| 8:19 | Create | Villager (Male) |
| 8:24 | Create | Villager (Male) |
| 8:25 | Create | Villager (Male) |
| 8:47 | Build | House |
| 8:49 | Build | House |
| 9:44 | Build | Lumber Camp |
| 9:48 | Create | Villager (Male) |
| 10:24 | Create | Villager (Male) |
| 10:24 | Create | Villager (Male) |
| 10:25 | Create | Villager (Male) |
| 10:47 | Build | Mill |
| 11:11 | Research | Feudal Age |
| 11:12 | Create | Villager (Male) |
| 11:13 | Create | Villager (Male) |
| 12:00 | Create | Villager (Male) |
| 12:00 | Create | Villager (Male) |
| 12:15 | Build | Mill |
| 13:07 | Create | Villager (Male) |
| 13:08 | Create | Villager (Male) |
| 13:24 | Age | Feudal Age |
| 13:26 | Build | Barracks |
| 13:43 | Create | Villager (Male) |
| 13:43 | Create | Villager (Male) |
| 13:52 | Build | Archery Range |
| 14:02 | Build | Mining Camp |
| 14:11 | Build | Blacksmith |
| 14:19 | Create | Villager (Male) |
| 14:19 | Create | Villager (Male) |
| 14:35 | Create | Archer |
| 14:35 | Create | Archer |
| 15:01 | Build | Watch Tower |
| 15:42 | Research | Fletching |
| 16:30 | Create | Archer |
| 16:30 | Create | Archer |
| 16:32 | Create | Skirmisher |
| 16:49 | Create | Villager (Male) |
| 16:49 | Create | Villager (Male) |
| 16:49 | Create | Villager (Male) |
| 16:49 | Create | Villager (Male) |
| 18:10 | Build | House |
| 18:11 | Build | House |
| 18:12 | Build | House |
| 18:17 | Create | Villager (Male) |
| 18:17 | Create | Villager (Male) |
| 18:17 | Create | Villager (Male) |
| 18:20 | Research | Horse Collar |
| 18:39 | Build | Farm |
| 18:40 | Build | Farm |
| 18:40 | Build | Farm |
| 18:40 | Build | Farm |
| 18:40 | Build | Farm |
| 18:41 | Build | Farm |
| 18:41 | Build | Farm |
| 18:44 | Build | Farm |
| 18:45 | Build | Farm |
| 18:47 | Build | Farm |
| 18:48 | Build | Farm |
| 18:50 | Build | Farm |
| 18:51 | Build | Farm |
| 19:42 | Create | Villager (Male) |
| 19:42 | Create | Villager (Male) |
| 19:42 | Create | Villager (Male) |
| 19:42 | Create | Villager (Male) |
| 20:11 | Build | Farm |
| 20:15 | Build | Mill |
| 20:43 | Build | Farm |
| 20:54 | Build | Farm |
| 21:00 | Build | Farm |
| 21:12 | Build | Farm |
| 21:20 | Build | Farm |
| 21:36 | Build | Mining Camp |
| 22:01 | Build | Outpost |
| 22:13 | Build | Outpost |
| 22:17 | Build | Outpost |
| 22:21 | Build | Outpost |
| 22:31 | Research | Castle Age |
| 22:36 | Research | Stone Mining |
| 22:58 | Build | Stone Wall |
| 23:08 | Research | Gold Mining |
| 23:13 | Research | Double-Bit Axe |
| 23:30 | Build | Gate |
| 24:40 | Build | Stone Wall |
| 24:45 | Build | Gate |
| 24:56 | Build | Farm |
| 24:58 | Build | Farm |
| 25:00 | Build | Farm |
| 25:01 | Build | Farm |
| 25:04 | Build | Mill |
| 25:08 | Create | Villager (Male) |
| 25:09 | Create | Villager (Male) |
| 25:09 | Create | Villager (Male) |
| 25:09 | Create | Villager (Male) |
| 25:11 | Age | Castle Age |
| 25:25 | Build | Town Center |
| 25:38 | Build | Market |
| 25:51 | Build | Farm |
| 25:52 | Build | Farm |
| 26:23 | Build | Stable |
| 26:41 | Build | Stone Wall |
| 26:43 | Build | Stone Wall |
| 26:50 | Create | Villager (Male) |
| 26:51 | Create | Villager (Male) |
| 26:51 | Create | Villager (Male) |
| 26:51 | Create | Villager (Male) |
| 27:16 | Create | Villager (Male) |
| 27:16 | Create | Villager (Male) |
| 27:17 | Create | Villager (Male) |
| 27:59 | Create | Trade Cart |
| 27:59 | Create | Trade Cart |
| 27:59 | Create | Trade Cart |
| 28:10 | Build | Town Center |
| 28:14 | Create | Villager (Male) |
| 28:15 | Create | Villager (Male) |
| 28:15 | Create | Villager (Male) |
Build order — MyFriend
First 150 of 305 actions detected
| 0:04 | Build | House |
| 0:05 | Build | House |
| 0:06 | Create | Villager (Male) |
| 0:06 | Create | Villager (Male) |
| 0:06 | Create | Villager (Male) |
| 0:07 | Create | Villager (Male) |
| 0:21 | Research | Loom |
| 0:22 | Create | Villager (Male) |
| 0:22 | Create | Villager (Male) |
| 1:09 | Build | House |
| 1:17 | Create | Villager (Male) |
| 1:18 | Create | Villager (Male) |
| 1:43 | Build | Palisade Wall |
| 1:52 | Build | House |
| 1:57 | Build | Palisade Wall |
| 1:59 | Build | Palisade Wall |
| 2:03 | Build | Palisade Wall |
| 2:24 | Build | House |
| 2:29 | Build | Palisade Wall |
| 3:04 | Create | Villager (Male) |
| 3:04 | Create | Villager (Male) |
| 3:04 | Create | Villager (Male) |
| 4:18 | Create | Villager (Male) |
| 4:19 | Create | Villager (Male) |
| 4:19 | Create | Villager (Male) |
| 5:41 | Create | Villager (Male) |
| 5:42 | Create | Villager (Male) |
| 5:42 | Create | Villager (Male) |
| 5:42 | Create | Villager (Male) |
| 7:31 | Create | Villager (Male) |
| 7:31 | Create | Villager (Male) |
| 7:32 | Create | Villager (Male) |
| 7:55 | Build | House |
| 8:29 | Build | Lumber Camp |
| 8:50 | Build | Lumber Camp |
| 8:51 | Create | Villager (Male) |
| 8:52 | Create | Villager (Male) |
| 8:52 | Create | Villager (Male) |
| 9:25 | Build | Mill |
| 9:29 | Create | Villager (Male) |
| 10:28 | Research | Feudal Age |
| 10:51 | Build | House |
| 12:26 | Create | Villager (Male) |
| 12:26 | Create | Villager (Male) |
| 12:26 | Create | Villager (Male) |
| 12:30 | Build | Mining Camp |
| 12:41 | Age | Feudal Age |
| 12:49 | Build | Stone Wall |
| 12:57 | Build | Stone Wall |
| 13:20 | Build | Farm |
| 13:21 | Create | Villager (Male) |
| 13:21 | Create | Villager (Male) |
| 13:26 | Build | Farm |
| 13:29 | Research | Double-Bit Axe |
| 14:00 | Build | Farm |
| 14:27 | Build | Watch Tower |
| 14:34 | Build | Farm |
| 14:35 | Create | Villager (Male) |
| 14:43 | Build | Mill |
| 15:16 | Build | Farm |
| 15:18 | Build | Farm |
| 15:23 | Create | Villager (Male) |
| 15:23 | Create | Villager (Male) |
| 16:36 | Build | Blacksmith |
| 16:46 | Create | Villager (Male) |
| 16:46 | Create | Villager (Male) |
| 16:50 | Build | House |
| 17:11 | Research | Fletching |
| 18:14 | Build | Stone Wall |
| 18:42 | Build | Mining Camp |
| 18:44 | Create | Villager (Male) |
| 18:44 | Create | Villager (Male) |
| 19:00 | Build | Market |
| 20:09 | Research | Castle Age |
| 20:46 | Build | Stone Wall |
| 21:08 | Build | House |
| 21:10 | Build | House |
| 21:16 | Create | Villager (Male) |
| 21:31 | Build | Gate |
| 21:34 | Build | Gate |
| 21:50 | Research | Stone Mining |
| 22:05 | Build | Farm |
| 22:38 | Create | Villager (Male) |
| 22:38 | Create | Villager (Male) |
| 22:49 | Age | Castle Age |
| 23:08 | Build | Town Center |
| 23:31 | Build | Monastery |
| 23:48 | Research | Bow Saw |
| 23:49 | Create | Villager (Male) |
| 24:09 | Create | Monk |
| 24:18 | Build | House |
| 24:23 | Create | Villager (Male) |
| 25:07 | Build | Siege Workshop |
| 25:12 | Create | Villager (Male) |
| 25:12 | Create | Villager (Male) |
| 25:14 | Create | Villager (Male) |
| 25:14 | Create | Villager (Male) |
| 25:14 | Create | Villager (Male) |
| 25:47 | Research | Wheelbarrow |
| 25:51 | Build | Farm |
| 25:59 | Create | Villager (Male) |
| 25:59 | Create | Villager (Male) |
| 26:18 | Build | Castle |
| 26:27 | Build | Mining Camp |
| 26:40 | Build | Farm |
| 26:40 | Build | Farm |
| 26:44 | Create | Villager (Male) |
| 26:44 | Create | Villager (Male) |
| 26:46 | Create | Villager (Male) |
| 26:46 | Create | Villager (Male) |
| 26:49 | Build | Farm |
| 27:08 | Create | Mangonel |
| 27:29 | Build | Barracks |
| 27:39 | Create | Villager (Male) |
| 27:39 | Create | Villager (Male) |
| 27:42 | Research | Gold Mining |
| 27:47 | Create | Villager (Male) |
| 27:47 | Create | Villager (Male) |
| 28:18 | Build | Town Center |
| 28:35 | Build | Lumber Camp |
| 29:02 | Build | Town Center |
| 29:12 | Build | Town Center |
| 29:17 | Create | Villager (Male) |
| 29:17 | Create | Villager (Male) |
| 29:18 | Create | Villager (Male) |
| 29:18 | Create | Villager (Male) |
| 29:25 | Build | Farm |
| 29:25 | Build | Farm |
| 29:25 | Build | Farm |
| 29:26 | Build | Farm |
| 29:28 | Research | Horse Collar |
| 29:38 | Create | Camel Archer ×5 |
| 30:23 | Create | Camel Archer |
| 30:23 | Create | Camel Archer |
| 30:25 | Research | Bodkin Arrow |
| 30:40 | Create | Villager (Male) |
| 30:40 | Create | Villager (Male) |
| 30:41 | Create | Villager (Male) |
| 30:41 | Create | Villager (Male) |
| 30:45 | Create | Villager (Male) |
| 30:45 | Create | Villager (Male) |
| 30:45 | Create | Villager (Male) |
| 31:13 | Build | Farm |
| 31:20 | Create | Villager (Male) |
| 31:20 | Create | Villager (Male) |
| 32:19 | Build | Farm |
| 33:16 | Build | Castle |
| 33:39 | Create | Camel Archer ×5 |
| 33:46 | Research | Imperial Age |
| 34:06 | Build | Farm |
Build order — J.A.R.V.I.S.
First 150 of 235 actions detected
| 0:04 | Build | House |
| 0:05 | Build | House |
| 0:54 | Build | House |
| 0:58 | Create | Villager (Male) |
| 0:58 | Create | Villager (Male) |
| 0:58 | Create | Villager (Male) |
| 0:59 | Create | Villager (Male) |
| 0:59 | Create | Villager (Male) |
| 2:35 | Create | Villager (Male) |
| 2:36 | Create | Villager (Male) |
| 3:32 | Create | Villager (Male) |
| 3:32 | Create | Villager (Male) |
| 4:01 | Create | Villager (Male) |
| 4:02 | Create | Villager (Male) |
| 4:02 | Create | Villager (Male) |
| 4:47 | Create | Villager (Male) |
| 4:48 | Create | Villager (Male) |
| 4:48 | Create | Villager (Male) |
| 6:36 | Create | Villager (Male) |
| 6:36 | Create | Villager (Male) |
| 6:36 | Create | Villager (Male) |
| 6:37 | Create | Villager (Male) |
| 7:18 | Build | Mill |
| 7:21 | Create | Villager (Male) |
| 7:23 | Create | Villager (Male) |
| 7:31 | Build | House |
| 8:42 | Create | Villager (Male) |
| 8:43 | Create | Villager (Male) |
| 8:43 | Create | Villager (Male) |
| 8:43 | Create | Villager (Male) |
| 8:44 | Create | Villager (Male) |
| 8:44 | Create | Villager (Male) |
| 8:44 | Create | Villager (Male) |
| 9:03 | Research | Loom |
| 10:16 | Create | Villager (Male) |
| 10:17 | Create | Villager (Male) |
| 10:17 | Create | Villager (Male) |
| 10:47 | Build | Lumber Camp |
| 11:45 | Research | Feudal Age |
| 12:41 | Build | House |
| 12:43 | Build | House |
| 12:44 | Build | House |
| 13:41 | Create | Villager (Male) |
| 13:41 | Create | Villager (Male) |
| 13:55 | Build | Mining Camp |
| 13:55 | Age | Feudal Age |
| 14:04 | Create | Villager (Male) |
| 14:04 | Create | Villager (Male) |
| 14:42 | Create | Villager (Male) |
| 14:43 | Create | Villager (Male) |
| 15:10 | Build | Market |
| 15:50 | Build | Blacksmith |
| 16:36 | Research | Castle Age |
| 17:34 | Build | Farm |
| 17:35 | Build | Farm |
| 17:36 | Build | Farm |
| 17:36 | Build | Farm |
| 19:16 | Age | Castle Age |
| 19:46 | Build | University |
| 19:47 | Create | Villager (Male) |
| 19:47 | Create | Villager (Male) |
| 19:48 | Create | Villager (Male) |
| 20:29 | Build | Farm |
| 20:43 | Build | Farm |
| 21:04 | Research | Double-Bit Axe |
| 21:09 | Build | Farm |
| 21:11 | Create | Villager (Male) |
| 21:47 | Build | Farm |
| 21:59 | Build | Siege Workshop |
| 23:24 | Build | Mining Camp |
| 23:29 | Research | Imperial Age |
| 23:57 | Build | Town Center |
| 24:20 | Build | Town Center |
| 25:12 | Create | Villager (Male) |
| 25:13 | Create | Villager (Male) |
| 25:13 | Create | Villager (Male) |
| 25:14 | Create | Villager (Male) |
| 26:24 | Build | Farm |
| 26:25 | Build | Farm |
| 26:27 | Create | Villager (Male) |
| 26:27 | Create | Villager (Male) |
| 26:27 | Create | Villager (Male) |
| 26:28 | Create | Villager (Male) |
| 26:28 | Create | Villager (Male) |
| 26:28 | Create | Villager (Male) |
| 26:29 | Create | Villager (Male) |
| 26:30 | Create | Villager (Male) |
| 26:30 | Create | Villager (Male) |
| 26:30 | Create | Villager (Male) |
| 26:32 | Create | Villager (Male) |
| 26:39 | Age | Imperial Age |
| 27:01 | Build | Farm |
| 27:40 | Build | Farm |
| 27:48 | Build | Monastery |
| 27:53 | Create | Villager (Male) |
| 27:53 | Create | Villager (Male) |
| 27:53 | Create | Villager (Male) |
| 27:54 | Create | Villager (Male) |
| 27:54 | Create | Villager (Male) |
| 28:29 | Build | House |
| 28:30 | Build | House |
| 28:31 | Build | House |
| 28:32 | Build | House |
| 28:33 | Build | House |
| 28:39 | Build | House |
| 28:41 | Build | House |
| 29:00 | Research | Bow Saw |
| 29:08 | Create | Villager (Male) |
| 29:08 | Create | Villager (Male) |
| 29:08 | Create | Villager (Male) |
| 29:22 | Build | House |
| 29:30 | Create | Villager (Male) |
| 29:31 | Create | Villager (Male) |
| 29:36 | Create | Bombard Cannon |
| 29:43 | Create | Bombard Cannon |
| 30:21 | Build | Farm |
| 30:23 | Create | Villager (Male) |
| 30:24 | Create | Villager (Male) |
| 30:24 | Create | Villager (Male) |
| 30:40 | Create | Villager (Male) |
| 30:40 | Create | Villager (Male) |
| 30:52 | Build | Farm |
| 30:54 | Build | Farm |
| 30:59 | Build | House |
| 31:00 | Build | House |
| 31:02 | Build | House |
| 31:06 | Build | House |
| 31:32 | Research | Horse Collar |
| 31:44 | Create | Villager (Male) |
| 31:45 | Create | Villager (Male) |
| 31:45 | Create | Villager (Male) |
| 31:45 | Create | Villager (Male) |
| 32:08 | Build | House |
| 32:09 | Build | House |
| 32:10 | Build | House |
| 32:13 | Create | Villager (Male) |
| 32:15 | Create | Villager (Male) |
| 32:30 | Research | Gold Mining |
| 32:47 | Build | Farm |
| 32:50 | Build | Farm |
| 33:10 | Create | Bombard Cannon |
| 33:11 | Create | Bombard Cannon |
| 33:57 | Create | Villager (Male) |
| 33:58 | Create | Villager (Male) |
| 33:58 | Create | Villager (Male) |
| 33:58 | Create | Villager (Male) |
| 33:59 | Create | Villager (Male) |
| 34:00 | Create | Villager (Male) |
| 34:09 | Create | Villager (Male) |
| 34:10 | Create | Villager (Male) |
Build order — jeffhua1123586
First 150 of 354 actions detected
| 0:19 | Build | House |
| 0:25 | Build | Mill |
| 0:35 | Create | Villager (Male) |
| 0:36 | Research | Loom |
| 0:36 | Create | Villager (Male) ×5 |
| 0:37 | Create | Villager (Male) ×5 |
| 1:17 | Build | House |
| 1:19 | Build | House |
| 1:20 | Build | House |
| 2:14 | Create | Villager (Male) |
| 2:14 | Create | Villager (Male) |
| 2:51 | Create | Villager (Male) |
| 2:52 | Create | Villager (Male) |
| 3:19 | Create | Villager (Male) |
| 3:20 | Create | Villager (Male) |
| 4:02 | Create | Villager (Male) |
| 4:02 | Create | Villager (Male) |
| 4:40 | Create | Villager (Male) |
| 4:40 | Create | Villager (Male) |
| 5:14 | Create | Villager (Male) ×4 |
| 5:14 | Create | Villager (Male) ×4 |
| 6:04 | Create | Villager (Male) ×4 |
| 7:08 | Create | Villager (Male) ×3 |
| 7:08 | Create | Villager (Male) ×3 |
| 7:44 | Create | Villager (Male) |
| 8:17 | Build | House |
| 8:18 | Build | House |
| 8:34 | Build | Mill |
| 8:42 | Create | Villager (Male) ×5 |
| 9:03 | Create | Villager (Male) ×5 |
| 9:04 | Create | Villager (Male) ×5 |
| 9:04 | Create | Villager (Male) |
| 9:29 | Build | Mining Camp |
| 10:22 | Build | Lumber Camp |
| 10:58 | Research | Feudal Age |
| 11:31 | Build | Mill |
| 11:59 | Build | Lumber Camp |
| 13:09 | Build | Barracks |
| 13:13 | Research | Wheelbarrow |
| 13:19 | Research | Double-Bit Axe |
| 13:24 | Create | Villager (Male) ×5 |
| 13:24 | Create | Villager (Male) ×5 |
| 13:25 | Create | Villager (Male) ×5 |
| 13:25 | Create | Villager (Male) |
| 14:10 | Build | Stable |
| 14:21 | Build | Blacksmith |
| 15:32 | Build | House |
| 15:33 | Build | House |
| 15:35 | Build | House |
| 15:42 | Build | Farm |
| 15:44 | Research | Castle Age |
| 15:45 | Research | Castle Age |
| 16:28 | Research | Gold Mining |
| 17:00 | Build | House |
| 17:02 | Build | House |
| 17:04 | Build | House |
| 17:06 | Build | House |
| 17:37 | Build | Farm |
| 17:38 | Build | Farm |
| 17:39 | Build | Farm |
| 17:40 | Build | Farm |
| 17:42 | Build | Farm |
| 17:53 | Research | Horse Collar |
| 18:05 | Build | Farm |
| 18:07 | Build | Farm |
| 18:11 | Build | Farm |
| 18:13 | Build | Farm |
| 18:14 | Build | Farm |
| 18:15 | Build | Farm |
| 18:29 | Build | Monastery |
| 18:34 | Research | Hand Cart |
| 18:34 | Research | Hand Cart |
| 18:38 | Create | Villager (Male) ×5 |
| 18:39 | Create | Villager (Male) ×5 |
| 18:39 | Create | Villager (Male) ×5 |
| 18:50 | Build | Town Center |
| 19:23 | Create | Monk ×2 |
| 19:23 | Create | Monk ×2 |
| 19:40 | Build | Town Center |
| 19:46 | Create | Villager (Male) ×5 |
| 19:46 | Create | Villager (Male) ×5 |
| 19:46 | Create | Villager (Male) ×2 |
| 20:22 | Create | Monk |
| 21:04 | Research | Hand Cart |
| 21:11 | Research | Bow Saw |
| 21:11 | Research | Bow Saw |
| 21:14 | Research | Heavy Plow |
| 21:14 | Research | Heavy Plow |
| 21:19 | Create | Villager (Male) |
| 21:29 | Build | Mining Camp |
| 21:40 | Create | Monk |
| 22:03 | Research | Stone Mining |
| 22:03 | Research | Stone Mining |
| 22:09 | Create | Villager (Male) |
| 22:26 | Build | Mill |
| 22:31 | Build | Farm |
| 22:32 | Build | Farm |
| 22:34 | Build | Farm |
| 22:35 | Build | Farm |
| 22:36 | Build | Farm |
| 22:37 | Build | Farm |
| 22:38 | Build | Farm |
| 22:40 | Build | Farm |
| 22:44 | Build | Farm |
| 22:51 | Create | Villager (Male) ×5 |
| 22:56 | Create | Villager (Male) ×3 |
| 22:56 | Create | Villager (Male) ×3 |
| 23:35 | Create | Villager (Male) ×4 |
| 23:56 | Build | Lumber Camp |
| 24:09 | Build | Farm |
| 24:10 | Build | Farm |
| 24:11 | Build | Farm |
| 24:13 | Build | Farm |
| 24:15 | Build | Farm |
| 24:20 | Create | Villager (Male) ×5 |
| 24:24 | Create | Villager (Male) ×2 |
| 24:24 | Create | Villager (Male) ×2 |
| 24:50 | Create | Villager (Male) ×3 |
| 25:15 | Build | Farm |
| 25:17 | Build | Farm |
| 25:18 | Build | Farm |
| 25:19 | Build | Farm |
| 25:20 | Build | Farm |
| 25:22 | Build | Farm |
| 25:23 | Build | Farm |
| 25:25 | Build | Farm |
| 25:27 | Build | Farm |
| 25:37 | Research | Stone Shaft Mining |
| 25:37 | Research | Stone Shaft Mining |
| 25:40 | Create | Villager (Male) ×5 |
| 26:17 | Build | Town Center |
| 26:20 | Create | Villager (Male) ×5 |
| 26:42 | Build | Farm |
| 26:43 | Build | Farm |
| 26:44 | Build | Farm |
| 26:45 | Build | Farm |
| 26:54 | Create | Villager (Male) ×5 |
| 26:54 | Create | Villager (Male) ×5 |
| 26:54 | Create | Villager (Male) ×5 |
| 27:04 | Build | House |
| 27:05 | Build | House |
| 27:06 | Build | House |
| 27:08 | Build | House |
| 27:09 | Build | House |
| 27:16 | Build | Farm |
| 27:29 | Build | Mill |
| 27:33 | Build | Farm |
| 27:35 | Build | Farm |
| 27:36 | Build | Farm |
| 27:37 | Build | Farm |
Build order — 知心老爹
First 150 of 1102 actions detected
| 0:03 | Create | Villager (Male) |
| 0:03 | Create | Villager (Male) |
| 0:03 | Create | Villager (Male) |
| 0:05 | Build | House |
| 0:07 | Build | House |
| 0:11 | Create | Villager (Male) |
| 0:11 | Create | Villager (Male) |
| 1:37 | Create | Villager (Male) |
| 1:38 | Create | Villager (Male) |
| 1:43 | Research | Loom |
| 1:45 | Create | Villager (Male) |
| 1:46 | Create | Villager (Male) |
| 1:49 | Build | Lumber Camp |
| 2:37 | Create | Villager (Male) |
| 2:37 | Create | Villager (Male) |
| 2:37 | Create | Villager (Male) |
| 3:04 | Create | Villager (Male) |
| 3:04 | Create | Villager (Male) |
| 3:37 | Create | Villager (Male) |
| 3:37 | Create | Villager (Male) |
| 3:53 | Build | House |
| 4:18 | Create | Villager (Male) |
| 4:18 | Create | Villager (Male) |
| 4:20 | Create | Villager (Male) |
| 4:20 | Create | Villager (Male) |
| 4:57 | Create | Villager (Male) |
| 4:57 | Create | Villager (Male) |
| 4:59 | Build | Mill |
| 5:46 | Create | Villager (Male) |
| 5:47 | Create | Villager (Male) |
| 5:49 | Create | Villager (Male) |
| 5:49 | Create | Villager (Male) |
| 6:09 | Create | Villager (Male) |
| 6:12 | Build | House |
| 6:40 | Create | Villager (Male) |
| 6:40 | Create | Villager (Male) |
| 6:40 | Create | Villager (Male) |
| 6:48 | Build | Farm |
| 6:57 | Create | Villager (Male) |
| 6:57 | Create | Villager (Male) |
| 7:07 | Build | Farm |
| 7:12 | Build | Farm |
| 7:14 | Create | Villager (Male) |
| 7:18 | Build | Farm |
| 7:59 | Build | House |
| 8:04 | Build | Mining Camp |
| 8:07 | Create | Villager (Male) |
| 8:53 | Create | Villager (Male) |
| 8:54 | Create | Villager (Male) |
| 9:11 | Build | Farm |
| 10:56 | Research | Feudal Age |
| 11:15 | Build | Mill |
| 13:06 | Age | Feudal Age |
| 13:14 | Research | Horse Collar |
| 13:16 | Research | Double-Bit Axe |
| 13:16 | Research | Double-Bit Axe |
| 13:26 | Create | Villager (Male) |
| 13:26 | Create | Villager (Male) |
| 13:27 | Create | Villager (Male) |
| 13:27 | Create | Villager (Male) |
| 13:28 | Create | Villager (Male) |
| 14:04 | Build | Stone Wall |
| 14:12 | Build | Stone Wall |
| 14:23 | Build | Mining Camp |
| 14:30 | Create | Villager (Male) |
| 14:49 | Build | House |
| 14:50 | Build | House |
| 14:51 | Build | House |
| 15:33 | Build | Blacksmith |
| 15:37 | Build | Market |
| 16:27 | Research | Castle Age |
| 16:27 | Research | Castle Age |
| 16:44 | Build | Farm |
| 16:47 | Build | Farm |
| 16:50 | Build | Farm |
| 16:53 | Build | Farm |
| 17:07 | Build | Outpost |
| 17:34 | Research | Stone Mining |
| 17:39 | Research | Gold Mining |
| 17:40 | Research | Gold Mining |
| 17:53 | Build | Mill |
| 19:09 | Age | Castle Age |
| 19:16 | Research | Bow Saw |
| 19:20 | Research | Heavy Plow |
| 19:20 | Research | Heavy Plow |
| 19:25 | Create | Villager (Male) |
| 19:25 | Create | Villager (Male) |
| 19:25 | Create | Villager (Male) |
| 19:26 | Create | Villager (Male) |
| 19:26 | Create | Villager (Male) |
| 19:27 | Create | Villager (Male) |
| 19:36 | Create | Villager (Male) |
| 20:00 | Build | Town Center |
| 20:05 | Create | Villager (Male) |
| 20:05 | Create | Villager (Male) |
| 20:29 | Create | Villager (Male) |
| 20:39 | Build | Monastery |
| 20:43 | Create | Villager (Male) |
| 21:15 | Create | Villager (Male) |
| 21:26 | Build | Town Center |
| 21:28 | Create | Monk |
| 21:33 | Research | Fervor |
| 21:48 | Create | Villager (Male) |
| 21:48 | Create | Villager (Male) |
| 21:49 | Create | Villager (Male) |
| 21:50 | Create | Villager (Male) |
| 22:26 | Create | Villager (Male) |
| 22:26 | Create | Villager (Male) |
| 22:30 | Build | Lumber Camp |
| 22:45 | Build | House |
| 22:46 | Build | House |
| 22:48 | Build | House |
| 23:03 | Create | Monk |
| 23:21 | Create | Villager (Male) |
| 23:22 | Create | Villager (Male) |
| 23:23 | Create | Villager (Male) |
| 23:24 | Create | Villager (Male) |
| 23:26 | Create | Villager (Male) |
| 23:34 | Build | Town Center |
| 23:50 | Create | Villager (Male) |
| 24:30 | Create | Villager (Male) |
| 24:31 | Create | Villager (Male) |
| 24:31 | Create | Villager (Male) |
| 24:38 | Build | House |
| 24:40 | Build | House |
| 24:42 | Build | House |
| 24:50 | Create | Villager (Male) |
| 24:51 | Create | Villager (Male) |
| 24:54 | Build | Farm |
| 24:56 | Create | Villager (Male) |
| 24:57 | Create | Villager (Male) |
| 25:01 | Build | Farm |
| 25:08 | Create | Villager (Male) |
| 25:09 | Create | Villager (Male) |
| 25:10 | Research | Wheelbarrow |
| 25:12 | Create | Villager (Male) |
| 25:24 | Build | Castle |
| 25:31 | Build | Mining Camp |
| 25:45 | Build | Mining Camp |
| 25:53 | Build | Farm |
| 25:55 | Build | Farm |
| 25:57 | Build | Farm |
| 26:00 | Build | Farm |
| 26:03 | Build | Farm |
| 26:06 | Build | Farm |
| 26:07 | Create | Villager (Male) |
| 26:07 | Create | Villager (Male) |
| 26:09 | Create | Villager (Male) |
| 26:11 | Create | Villager (Male) |
| 26:11 | Create | Villager (Male) |
Build order — popibo
First 150 of 644 actions detected
| 0:02 | Create | Villager (Male) |
| 0:02 | Create | Villager (Male) |
| 0:02 | Create | Villager (Male) |
| 0:03 | Create | Villager (Male) |
| 0:04 | Build | House |
| 0:06 | Build | House |
| 1:33 | Create | Villager (Male) |
| 1:33 | Create | Villager (Male) |
| 2:13 | Create | Villager (Male) |
| 2:13 | Create | Villager (Male) |
| 2:46 | Create | Villager (Male) |
| 2:46 | Create | Villager (Male) |
| 3:14 | Create | Villager (Male) |
| 3:14 | Create | Villager (Male) |
| 3:29 | Build | Palisade Wall |
| 3:49 | Create | Villager (Male) |
| 3:49 | Create | Villager (Male) |
| 3:49 | Create | Villager (Male) |
| 3:56 | Build | House |
| 4:17 | Create | Villager (Male) |
| 4:17 | Create | Villager (Male) |
| 4:20 | Build | House |
| 5:20 | Create | Villager (Male) |
| 5:20 | Create | Villager (Male) |
| 5:20 | Create | Villager (Male) |
| 5:47 | Create | Villager (Male) |
| 5:48 | Create | Villager (Male) |
| 5:48 | Create | Villager (Male) |
| 5:48 | Create | Villager (Male) |
| 5:54 | Build | Lumber Camp |
| 6:31 | Create | Villager (Male) |
| 6:31 | Create | Villager (Male) |
| 7:22 | Build | Mill |
| 7:29 | Build | Mill |
| 8:05 | Create | Villager (Male) |
| 8:29 | Build | House |
| 8:30 | Build | House |
| 8:36 | Create | Villager (Male) |
| 9:04 | Research | Feudal Age |
| 9:04 | Research | Loom |
| 9:10 | Build | Mining Camp |
| 9:45 | Create | Villager (Male) |
| 9:45 | Create | Villager (Male) |
| 9:49 | Build | Mining Camp |
| 10:54 | Create | Villager (Male) |
| 11:15 | Age | Feudal Age |
| 11:29 | Create | Villager (Male) |
| 12:10 | Build | Stone Wall |
| 12:18 | Build | Gate |
| 12:30 | Build | Market |
| 13:02 | Create | Villager (Male) |
| 13:30 | Build | Blacksmith |
| 13:34 | Create | Villager (Male) |
| 14:00 | Research | Castle Age |
| 14:37 | Build | Stone Wall |
| 14:42 | Create | Villager (Male) |
| 14:42 | Create | Villager (Male) |
| 14:50 | Research | Double-Bit Axe |
| 15:08 | Research | Horse Collar |
| 15:40 | Build | House |
| 15:41 | Build | House |
| 16:03 | Build | Farm |
| 16:04 | Build | Farm |
| 16:50 | Age | Castle Age |
| 17:00 | Build | Town Center |
| 17:07 | Build | Town Center |
| 17:24 | Build | Farm |
| 17:27 | Build | Farm |
| 17:32 | Build | Farm |
| 17:38 | Build | Farm |
| 17:40 | Create | Villager (Male) |
| 17:42 | Build | Farm |
| 17:46 | Create | Villager (Male) |
| 17:49 | Build | Farm |
| 18:04 | Build | House |
| 18:10 | Create | Villager (Male) |
| 18:16 | Build | Farm |
| 18:21 | Build | Farm |
| 18:23 | Create | Villager (Male) |
| 18:32 | Create | Villager (Male) |
| 18:37 | Build | House |
| 18:49 | Build | Farm |
| 18:57 | Build | Farm |
| 18:59 | Create | Villager (Male) |
| 19:04 | Build | Farm |
| 19:11 | Build | Farm |
| 19:20 | Build | Farm |
| 19:22 | Create | Villager (Male) |
| 19:26 | Create | Villager (Male) |
| 19:37 | Build | Farm |
| 19:43 | Build | Farm |
| 19:44 | Create | Villager (Male) |
| 19:53 | Create | Villager (Male) |
| 20:00 | Build | Farm |
| 20:06 | Build | Farm |
| 20:08 | Build | Farm |
| 20:10 | Create | Villager (Male) |
| 20:17 | Build | Farm |
| 20:21 | Build | Farm |
| 20:29 | Build | Farm |
| 20:30 | Create | Villager (Male) |
| 20:30 | Create | Villager (Male) |
| 20:31 | Create | Villager (Male) |
| 20:46 | Build | Farm |
| 20:53 | Build | Farm |
| 20:54 | Build | Farm |
| 20:58 | Create | Villager (Male) |
| 20:59 | Create | Villager (Male) |
| 20:59 | Create | Villager (Male) |
| 20:59 | Create | Villager (Male) |
| 20:59 | Create | Villager (Male) |
| 21:10 | Build | Farm |
| 21:13 | Create | Villager (Male) |
| 21:14 | Create | Villager (Male) |
| 21:20 | Build | Farm |
| 21:26 | Build | Farm |
| 21:39 | Build | Farm |
| 21:49 | Build | Farm |
| 21:51 | Create | Villager (Male) |
| 21:51 | Create | Villager (Male) |
| 21:51 | Create | Villager (Male) |
| 21:51 | Create | Villager (Male) |
| 21:59 | Create | Villager (Male) |
| 22:00 | Create | Villager (Male) |
| 22:00 | Create | Villager (Male) |
| 22:00 | Create | Villager (Male) |
| 22:07 | Build | House |
| 22:08 | Build | House |
| 22:14 | Create | Villager (Male) |
| 22:14 | Create | Villager (Male) |
| 22:23 | Build | Farm |
| 22:30 | Build | Farm |
| 22:32 | Create | Villager (Male) |
| 22:33 | Create | Villager (Male) |
| 22:33 | Create | Villager (Male) |
| 22:37 | Build | Farm |
| 22:41 | Create | Villager (Male) |
| 22:42 | Create | Villager (Male) |
| 22:42 | Create | Villager (Male) |
| 22:42 | Create | Villager (Male) |
| 22:46 | Build | Farm |
| 22:52 | Build | Farm |
| 22:57 | Create | Villager (Male) |
| 22:58 | Create | Villager (Male) |
| 22:58 | Create | Villager (Male) |
| 22:58 | Create | Villager (Male) |
| 22:58 | Create | Villager (Male) |
| 23:16 | Build | House |
| 23:17 | Build | House |
| 23:24 | Build | Farm |
Build order — 一刀九千九百九十九
First 150 of 585 actions detected
| 0:05 | Build | House |
| 0:07 | Build | House |
| 0:12 | Create | Villager (Male) |
| 0:12 | Create | Villager (Male) |
| 0:12 | Create | Villager (Male) |
| 0:13 | Create | Villager (Male) |
| 1:39 | Create | Villager (Male) |
| 1:39 | Create | Villager (Male) |
| 2:14 | Create | Villager (Male) |
| 2:14 | Create | Villager (Male) |
| 2:46 | Create | Villager (Male) |
| 2:47 | Create | Villager (Male) |
| 2:47 | Create | Villager (Male) |
| 2:50 | Build | Lumber Camp |
| 3:08 | Create | Villager (Male) |
| 3:09 | Create | Villager (Male) |
| 3:31 | Create | Villager (Male) |
| 3:31 | Create | Villager (Male) |
| 3:38 | Research | Loom |
| 4:03 | Create | Villager (Male) |
| 4:03 | Create | Villager (Male) |
| 4:04 | Create | Villager (Male) |
| 4:04 | Create | Villager (Male) |
| 5:00 | Build | Palisade Wall |
| 5:07 | Build | Palisade Gate |
| 5:11 | Create | Villager (Male) |
| 5:22 | Build | House |
| 5:27 | Build | House |
| 6:08 | Create | Villager (Male) |
| 6:25 | Build | Palisade Wall |
| 6:32 | Build | Palisade Wall |
| 6:41 | Create | Villager (Male) |
| 6:56 | Create | Villager (Male) |
| 6:56 | Create | Villager (Male) |
| 6:56 | Create | Villager (Male) |
| 7:27 | Build | Mill |
| 8:09 | Create | Villager (Male) |
| 8:23 | Create | Villager (Male) |
| 9:00 | Create | Villager (Male) |
| 9:04 | Research | Feudal Age |
| 9:04 | Research | Feudal Age |
| 9:33 | Build | Mill |
| 10:03 | Build | Mining Camp |
| 11:24 | Build | House |
| 11:27 | Build | House |
| 11:32 | Build | House |
| 11:40 | Age | Feudal Age |
| 11:43 | Create | Villager (Male) |
| 11:43 | Create | Villager (Male) |
| 11:51 | Build | Farm |
| 11:53 | Build | Farm |
| 12:00 | Build | Farm |
| 12:07 | Build | Farm |
| 12:15 | Build | Farm |
| 12:38 | Create | Villager (Male) |
| 13:13 | Research | Castle Age |
| 13:14 | Research | Castle Age |
| 13:25 | Research | Double-Bit Axe |
| 13:26 | Research | Double-Bit Axe |
| 13:36 | Build | Farm |
| 13:37 | Build | Farm |
| 13:43 | Build | Farm |
| 13:52 | Build | Farm |
| 13:55 | Build | Farm |
| 14:10 | Build | Mining Camp |
| 14:46 | Research | Horse Collar |
| 15:00 | Build | Palisade Wall |
| 15:19 | Build | Stone Wall |
| 15:23 | Build | Stone Wall |
| 15:25 | Build | Stone Wall |
| 15:31 | Build | Gate |
| 15:41 | Build | Stone Wall |
| 15:53 | Research | Stone Mining |
| 15:53 | Age | Castle Age |
| 15:54 | Research | Stone Mining |
| 15:57 | Create | Villager (Male) |
| 15:57 | Create | Villager (Male) |
| 15:58 | Create | Villager (Male) |
| 15:58 | Create | Villager (Male) |
| 15:58 | Create | Villager (Male) |
| 15:58 | Create | Villager (Male) |
| 16:56 | Build | Lumber Camp |
| 17:36 | Build | Gate |
| 17:40 | Build | Stone Wall |
| 17:42 | Build | Stone Wall |
| 17:59 | Research | Heavy Plow |
| 17:59 | Research | Bow Saw |
| 18:01 | Create | Villager (Male) |
| 18:02 | Create | Villager (Male) |
| 18:02 | Create | Villager (Male) |
| 18:02 | Create | Villager (Male) |
| 18:31 | Build | Mining Camp |
| 18:47 | Build | Mining Camp |
| 19:09 | Research | Stone Shaft Mining |
| 19:09 | Research | Stone Shaft Mining |
| 19:12 | Create | Villager (Male) |
| 19:12 | Create | Villager (Male) |
| 19:12 | Create | Villager (Male) |
| 19:13 | Create | Villager (Male) |
| 19:20 | Build | Town Center |
| 19:50 | Build | House |
| 19:52 | Build | House |
| 19:58 | Build | House |
| 19:59 | Build | House |
| 20:30 | Build | Stone Wall |
| 20:35 | Create | Villager (Male) |
| 20:35 | Create | Villager (Male) |
| 20:35 | Create | Villager (Male) |
| 20:35 | Create | Villager (Male) |
| 20:36 | Create | Villager (Male) |
| 20:52 | Build | Siege Workshop |
| 21:04 | Build | Gate |
| 21:26 | Create | Villager (Male) |
| 21:27 | Create | Villager (Male) |
| 21:27 | Create | Villager (Male) |
| 21:33 | Build | Town Center |
| 21:38 | Build | Town Center |
| 21:43 | Create | Villager (Male) |
| 21:44 | Create | Villager (Male) |
| 21:44 | Create | Villager (Male) |
| 21:54 | Build | Siege Workshop |
| 21:59 | Create | Scorpion |
| 22:15 | Create | Villager (Male) |
| 22:15 | Create | Villager (Male) |
| 22:16 | Create | Villager (Male) |
| 22:27 | Create | Villager (Male) |
| 22:32 | Build | Town Center |
| 22:37 | Create | Villager (Male) |
| 22:37 | Create | Villager (Male) |
| 22:52 | Build | Outpost |
| 23:05 | Build | Stone Wall |
| 23:08 | Build | Gate |
| 23:13 | Create | Villager (Male) |
| 23:13 | Create | Villager (Male) |
| 23:13 | Create | Villager (Male) |
| 23:21 | Build | Farm |
| 23:21 | Build | Farm |
| 23:22 | Build | Farm |
| 23:22 | Build | Farm |
| 23:22 | Build | Farm |
| 23:22 | Build | Farm |
| 23:30 | Build | Farm |
| 23:31 | Build | Farm |
| 23:41 | Build | Farm |
| 23:41 | Build | Farm |
| 23:43 | Build | Farm |
| 23:53 | Build | Farm |
| 23:53 | Build | Farm |
| 23:53 | Build | Farm |
| 23:53 | Build | Farm |
Build order — Edward794
First 150 of 344 actions detected
| 0:02 | Create | Villager (Male) |
| 0:03 | Research | Loom |
| 0:03 | Create | Villager (Male) |
| 0:03 | Create | Villager (Male) |
| 0:05 | Build | House |
| 0:09 | Build | House |
| 0:10 | Create | Villager (Male) |
| 1:07 | Build | Palisade Wall |
| 2:16 | Create | Villager (Male) |
| 2:17 | Create | Villager (Male) |
| 2:17 | Create | Villager (Male) |
| 2:43 | Build | Palisade Wall |
| 3:23 | Create | Villager (Male) |
| 3:23 | Create | Villager (Male) |
| 3:23 | Create | Villager (Male) |
| 3:51 | Create | Villager (Male) |
| 3:51 | Create | Villager (Male) |
| 4:39 | Create | Villager (Male) |
| 4:39 | Create | Villager (Male) |
| 4:52 | Create | Villager (Male) |
| 4:58 | Build | House |
| 5:06 | Build | House |
| 6:03 | Create | Villager (Male) |
| 6:03 | Create | Villager (Male) |
| 6:04 | Create | Villager (Male) |
| 6:19 | Create | Villager (Male) |
| 6:27 | Build | House |
| 6:46 | Build | Lumber Camp |
| 7:46 | Create | Villager (Male) |
| 8:47 | Create | Villager (Male) |
| 8:47 | Create | Villager (Male) |
| 9:45 | Create | Villager (Male) |
| 9:46 | Create | Villager (Male) |
| 9:55 | Build | Mill |
| 10:28 | Build | Mining Camp |
| 10:44 | Research | Feudal Age |
| 10:45 | Research | Feudal Age |
| 10:56 | Create | Villager (Male) |
| 10:58 | Create | Villager (Male) |
| 11:31 | Build | Barracks |
| 12:54 | Age | Feudal Age |
| 12:56 | Create | Spearman |
| 13:00 | Create | Spearman |
| 13:05 | Build | House |
| 13:32 | Create | Villager (Male) |
| 13:40 | Build | Blacksmith |
| 14:12 | Build | Palisade Wall |
| 14:20 | Create | Villager (Male) |
| 14:21 | Create | Villager (Male) |
| 14:44 | Build | Market |
| 15:10 | Create | Villager (Male) |
| 15:48 | Research | Castle Age |
| 15:48 | Research | Castle Age |
| 15:50 | Build | Farm |
| 15:50 | Build | Farm |
| 15:51 | Build | Farm |
| 15:51 | Build | Farm |
| 15:52 | Build | Farm |
| 15:52 | Build | Farm |
| 15:52 | Build | Farm |
| 15:52 | Build | Farm |
| 15:53 | Build | Farm |
| 15:53 | Build | Farm |
| 15:53 | Build | Farm |
| 15:54 | Build | Farm |
| 16:09 | Research | Double-Bit Axe |
| 16:31 | Build | Farm |
| 16:34 | Build | Farm |
| 16:54 | Build | Farm |
| 17:01 | Build | Farm |
| 17:04 | Build | Farm |
| 17:10 | Build | Farm |
| 17:23 | Create | Villager (Male) |
| 17:37 | Build | House |
| 17:38 | Build | House |
| 17:53 | Build | Stone Wall |
| 18:23 | Build | Farm |
| 18:28 | Age | Castle Age |
| 18:39 | Build | Town Center |
| 18:46 | Create | Villager (Male) |
| 18:54 | Build | House |
| 18:55 | Build | House |
| 18:56 | Build | House |
| 18:57 | Build | House |
| 19:29 | Create | Villager (Male) |
| 19:29 | Create | Villager (Male) |
| 19:36 | Create | Villager (Male) |
| 19:57 | Create | Villager (Male) |
| 20:25 | Build | Mining Camp |
| 20:34 | Create | Villager (Male) |
| 20:34 | Create | Villager (Male) |
| 20:45 | Create | Villager (Male) |
| 20:45 | Create | Villager (Male) |
| 20:57 | Research | Horse Collar |
| 20:58 | Research | Bow Saw |
| 21:01 | Research | Gold Mining |
| 21:19 | Build | Monastery |
| 21:42 | Build | Town Center |
| 21:45 | Create | Villager (Male) |
| 21:52 | Create | Villager (Male) |
| 21:53 | Create | Villager (Male) |
| 21:54 | Create | Villager (Male) |
| 22:25 | Create | Monk |
| 22:34 | Build | Siege Workshop |
| 22:39 | Create | Villager (Male) ×5 |
| 22:57 | Research | Wheelbarrow |
| 23:01 | Create | Villager (Male) |
| 23:08 | Create | Villager (Male) ×2 |
| 23:28 | Create | Monk |
| 23:35 | Create | Villager (Male) ×3 |
| 23:51 | Create | Villager (Male) |
| 23:52 | Create | Villager (Male) |
| 24:00 | Build | Farm |
| 24:00 | Build | Farm |
| 24:00 | Build | Farm |
| 24:01 | Build | Farm |
| 24:01 | Build | Farm |
| 24:01 | Build | Farm |
| 24:02 | Build | Farm |
| 24:02 | Build | Farm |
| 24:02 | Build | Farm |
| 24:11 | Create | Villager (Male) ×2 |
| 24:34 | Build | Stone Wall |
| 24:36 | Create | Villager (Male) |
| 24:44 | Create | Villager (Male) |
| 24:55 | Create | Villager (Male) |
| 24:55 | Create | Villager (Male) |
| 24:56 | Create | Villager (Male) |
| 24:56 | Create | Villager (Male) |
| 25:08 | Create | Villager (Male) |
| 25:13 | Create | Villager (Male) |
| 25:22 | Create | Villager (Male) |
| 25:31 | Create | Villager (Male) |
| 25:51 | Create | Villager (Male) ×3 |
| 25:51 | Create | Villager (Male) ×3 |
| 25:51 | Create | Villager (Male) ×3 |
| 26:31 | Build | Town Center |
| 26:38 | Create | Villager (Male) ×5 |
| 26:39 | Create | Villager (Male) ×2 |
| 26:42 | Build | Farm |
| 26:53 | Create | Eagle Scout ×4 |
| 26:53 | Create | Eagle Scout ×4 |
| 26:54 | Create | Eagle Scout |
| 26:56 | Create | Eagle Scout |
| 27:08 | Build | House |
| 27:09 | Build | House |
| 27:10 | Build | House |
| 27:13 | Build | Barracks |
| 27:48 | Research | Town Watch |
| 28:01 | Build | Castle |
Match timeline
| 1:07 | Edward794 · wall_segment Palisade Wall x14 |
| 1:43 | MyFriend · wall_segment Palisade Wall x5 |
| 1:57 | MyFriend · wall_segment Palisade Wall x1 |
| 1:59 | MyFriend · wall_segment Palisade Wall x1 |
| 2:03 | MyFriend · wall_segment Palisade Wall x4 |
| 2:29 | MyFriend · wall_segment Palisade Wall x2 |
| 2:43 | Edward794 · wall_segment Palisade Wall x11 |
| 2:57 | m$k · wall_segment Palisade Wall x1 |
| 3:03 | m$k · wall_segment Palisade Wall x6 |
| 3:04 | m$k · wall_segment Palisade Wall x1 |
| 3:06 | m$k · wall_segment Palisade Wall x1 |
| 3:07 | m$k · wall_segment Palisade Wall x4 |
| 3:29 | popibo · wall_segment Palisade Wall x17 |
| 5:00 | 一刀九千九百九十九 · wall_segment Palisade Wall x7 |
| 6:25 | 一刀九千九百九十九 · wall_segment Palisade Wall x2 |
| 6:32 | 一刀九千九百九十九 · wall_segment Palisade Wall x1 |
| 11:15 | popibo · age_up feudal |
| 11:31 | Edward794 · first_building Barracks |
| 11:40 | 一刀九千九百九十九 · age_up feudal |
| 12:10 | popibo · wall_segment Stone Wall x9 |
| 12:41 | MyFriend · age_up feudal |
| 12:49 | MyFriend · wall_segment Stone Wall x1 |
| 12:54 | Edward794 · age_up feudal |
| 12:57 | MyFriend · wall_segment Stone Wall x1 |
| 13:06 | 知心老爹 · age_up feudal |
| 13:09 | jeffhua1123586 · first_building Barracks |
| 13:24 | m$k · age_up feudal |
| 13:26 | m$k · first_building Barracks |
| 13:52 | m$k · first_building Archery Range |
| 13:55 | J.A.R.V.I.S. · age_up feudal |
| 14:04 | 知心老爹 · wall_segment Stone Wall x21 |
| 14:10 | jeffhua1123586 · first_building Stable |
| 14:12 | Edward794 · wall_segment Palisade Wall x1 |
| 14:12 | 知心老爹 · wall_segment Stone Wall x1 |
| 14:37 | popibo · wall_segment Stone Wall x5 |
| 15:00 | 一刀九千九百九十九 · wall_segment Palisade Wall x3 |
| 15:19 | 一刀九千九百九十九 · wall_segment Stone Wall x5 |
| 15:23 | 一刀九千九百九十九 · wall_segment Stone Wall x1 |
| 15:25 | 一刀九千九百九十九 · wall_segment Stone Wall x2 |
| 15:41 | 一刀九千九百九十九 · wall_segment Stone Wall x3 |
| 15:53 | 一刀九千九百九十九 · age_up castle |
| 16:50 | popibo · age_up castle |
| 17:40 | 一刀九千九百九十九 · wall_segment Stone Wall x1 |
| 17:42 | 一刀九千九百九十九 · wall_segment Stone Wall x3 |
| 17:53 | Edward794 · wall_segment Stone Wall x11 |
| 18:14 | MyFriend · wall_segment Stone Wall x13 |
| 18:28 | Edward794 · age_up castle |
| 18:29 | jeffhua1123586 · first_building Monastery |
| 19:09 | 知心老爹 · age_up castle |
| 19:16 | J.A.R.V.I.S. · age_up castle |
| 19:29 | 知心老爹 · first_market_buy 100 wood |
| 20:30 | 一刀九千九百九十九 · wall_segment Stone Wall x7 |
| 20:39 | 知心老爹 · first_building Monastery |
| 20:46 | MyFriend · wall_segment Stone Wall x13 |
| 20:52 | 一刀九千九百九十九 · first_building Siege Workshop |
| 21:19 | Edward794 · first_building Monastery |
| 21:59 | J.A.R.V.I.S. · first_building Siege Workshop |
| 22:34 | Edward794 · first_building Siege Workshop |
| 22:49 | MyFriend · age_up castle |
| 22:58 | m$k · wall_segment Stone Wall x13 |
| 23:05 | 一刀九千九百九十九 · wall_segment Stone Wall x11 |
| 23:31 | MyFriend · first_building Monastery |
| 24:34 | Edward794 · wall_segment Stone Wall x12 |
| 24:40 | m$k · wall_segment Stone Wall x11 |
| 25:07 | MyFriend · first_building Siege Workshop |
| 25:11 | m$k · age_up castle |
| 25:24 | 知心老爹 · first_building Castle |
| 25:47 | popibo · first_building Monastery |
| 26:18 | MyFriend · first_building Castle |
| 26:23 | m$k · first_building Stable |
| 26:39 | J.A.R.V.I.S. · age_up imperial |
| 26:41 | m$k · wall_segment Stone Wall x4 |
| 26:43 | m$k · wall_segment Stone Wall x13 |
| 27:12 | popibo · first_building Castle |
| 27:29 | MyFriend · first_building Barracks |
| 27:48 | J.A.R.V.I.S. · first_building Monastery |
| 28:01 | Edward794 · first_building Castle |
| 29:09 | 一刀九千九百九十九 · first_building Castle |
| 29:48 | popibo · first_market_sell 100 food |
| 30:15 | jeffhua1123586 · first_building Castle |
| 30:19 | jeffhua1123586 · first_market_sell 500 wood |
| 30:45 | m$k · first_building Siege Workshop |
| 31:20 | 知心老爹 · first_building Barracks |
| 31:53 | popibo · age_up imperial |
| 32:13 | 知心老爹 · first_building Siege Workshop |
| 32:34 | 一刀九千九百九十九 · first_building Stable |
| 32:37 | m$k · first_building Castle |
| 32:54 | 知心老爹 · first_building Stable |
| 33:04 | Edward794 · wall_segment Stone Wall x13 |
| 33:35 | Edward794 · first_market_buy 500 food |
| 33:36 | 一刀九千九百九十九 · wall_segment Stone Wall x1 |
| 33:43 | 一刀九千九百九十九 · age_up imperial |
| 33:50 | 知心老爹 · age_up imperial |
| 34:25 | popibo · first_building Barracks |
| 35:53 | J.A.R.V.I.S. · first_building Castle |
| 36:06 | 知心老爹 · first_building Archery Range |
| 36:38 | popibo · first_building Siege Workshop |
| 36:56 | MyFriend · age_up imperial |
| 37:03 | 一刀九千九百九十九 · wall_segment Stone Wall x1 |
| 37:12 | Edward794 · age_up imperial |
| 37:29 | m$k · age_up imperial |
| 40:41 | MyFriend · first_building Stable |
| 44:43 | m$k · first_market_buy 500 food |
| 48:01 | J.A.R.V.I.S. · first_building Barracks |
| 48:43 | J.A.R.V.I.S. · first_building Stable |
| 49:34 | popibo · first_market_buy 100 stone |
| 49:52 | MyFriend · first_building Archery Range |
| 51:32 | J.A.R.V.I.S. · resign |
| 58:53 | m$k · wall_segment Stone Wall x12 |
| 60:02 | m$k · wall_segment Stone Wall x9 |
| 61:10 | m$k · wall_segment Stone Wall x6 |
[ AI ANALYSIS · 1 CREDIT ]
What really happened in this match?
Wolo.gg analyzes every decision: build order, eco, micro, common mistakes by bracket. Personalized analysis on WhatsApp or Discord in 30 seconds.
Civ guide
Celts
Perfil
Jugador #4740084